Match 47405121
Unlisted

Match 47405121
End
Construct Weapon Support Center
Selects Special Operations Battlegroup
Selects M29 Weasel Recon Vehicle
M29 Weasel Recon Vehicle
M1919 Machine Gun Team
M1919 Machine Gun Team
Bazooka Squad
Infantry Support Center
Bazooka Squad
Improved M9 Bazooka Rockets
Selects Raiding Flares
Raiding Flares
Construct Tank Depot
Bazooka Squad
M1919 Machine Gun Team
Selects Mark Vehicle
Selects UNKNOWN (2162291)
Raiding Flares
M4A1 Sherman Whizbang
Scout Squad
Raiding Flares
M1919 Machine Gun Team
M4A1 Sherman Whizbang
Raiding Flares
Selects SSF Commando Squad
Engineer Squad
Raiding Flares
M18 Hellcat Tank Destroyer
.30 cal Machine Gun
Raiding Flares
M18 Hellcat Tank Destroyer
.30 cal Machine Gun
Raiding Flares
M18 Hellcat Tank Destroyer
Raiding Flares
Mark Vehicle
Raiding Flares
M4(105) Sherman Bulldozer
Engineer Squad
Advanced Logistics
Raiding Flares
M4(105) Sherman Bulldozer
戴草帽の猫
iiruoz
JVM
Anton
NightArk
Cat red fish
二郎显圣真君
Mr. AAAAAAYYYle
0
0

Comments sign in to comment!

No comments posted yet!